[Event "GambitGuide"]
[Site "Internet Chess Club"]
[Date "2014.10.30"]
[Round "1"]
[White "JSBach"]
[Black "kingsac"]
[Result "1-0"]
[ICCResult "Black checkmated"]
[WhiteElo "1668"]
[BlackElo "1964"]
[Opening "Vienna: `Frankenstein-Dracula' variation"]
[ECO "C27"]
[NIC "VG.02"]
[Time "23:20:29"]
[TimeControl "120+12"]

1. e4 e5 2. Nc3 Nf6 3. Bc4 Nxe4 4. Qh5 Nd6 5. Bb3 Nc6 6. Nb5 g6 7. Qf3 f5 8.
Qd5 Qe7 9. Nxc7+ Kd8 10. Nxa8 b6 11. Ba4 Ba6 12. Bxc6 dxc6 13. Qb3 Qb7 14.
Qe6 Nf7 15. Rb1 Bg7 16. Qb3 Re8 17. Qa4 e4 18. Ra1 Re5 19. Rb1 Ra5 20. Qb3
Nd6 21. Qe6 Qe7 22. Qxe7+ Kxe7 23. a3 Bb7 24. Nc7 Kd7 25. d4 Kxc7 26. Ne2
Rd5 27. Nf4 Rxd4 28. c3 Rd5 29. Ne6+ Kd7 30. Nxg7 Nc4 31. Ke2 Ne5 32. b3 b5
33. Be3 Ke7 34. Bxa7 Kf7 35. c4 Rd3 36. Bb8 Ng4 37. f3 Nf6 38. cxb5 cxb5 39.
a4 b4 40. Nxf5 gxf5 41. Rhc1 Rc3 42. Rxc3 bxc3 43. Bd6 exf3+ 44. gxf3 Nd5
45. b4 Ke6 46. Bc5 Ba6+ 47. b5 Bc8 48. b6 Ba6+ 49. Kf2 Bd3 50. b7 Bxb1 51.
b8=Q c2 52. Qd6+ Kf7 53. Qxd5+ Kg6 54. Qe6+ Kg7 55. Bd4+ Kf8 56. Qxf5+ Ke8
57. Qe6+ Kd8 58. Bb6# {Black checkmated} 1-0

[Event "GambitGuide"]
[Site "Internet Chess Club"]
[Date "2014.10.30"]
[Round "1"]
[White "JSBach"]
[Black "superpuma"]
[Result "1-0"]
[ICCResult "Black resigns"]
[WhiteElo "1668"]
[BlackElo "2046"]
[Opening "Vienna: `Frankenstein-Dracula' variation"]
[ECO "C27"]
[NIC "VG.02"]
[Time "23:18:39"]
[TimeControl "120+12"]

1. e4 e5 2. Nc3 Nf6 3. Bc4 Nxe4 4. Qh5 Nd6 5. Bb3 Nc6 6. Nb5 g6 7. Qf3 f5 8.
Qd5 Qe7 9. Nxc7+ Kd8 10. Nxa8 b6 11. Ba4 Bb7 12. Nxb6 axb6 13. Qb3 Nc8 14.
Ne2 Nd4 15. Nxd4 exd4+ 16. Kf1 Ba6+ 17. Bb5 Bxb5+ 18. Qxb5 Bh6 19. d3 Bxc1
20. Rxc1 Re8 21. g3 Qe2+ 22. Kg1 Qd2 23. Kg2 Re2 24. Rhf1 f4 25. Qg5+ Ne7
26. Qxf4 Qxf4 27. gxf4 Nd5 28. Kf3 Re6 29. Rfe1 Rf6 30. Ke4 Nxf4 31. Ke5
Rf5+ 32. Kxd4 Nh3 33. f3 Rxf3 34. Re3 Rf4+ 35. Kc3 Rh4 36. Rce1 Nf4 37. Re4
g5 38. Re8+ Kc7 39. Rh1 h5 40. Re5 g4 41. Rf1 Ne6 42. Rf2 Kd6 43. Ref5 Rh3
44. b4 h4 45. Rb5 Kc6 46. Rbf5 g3 47. hxg3 hxg3 48. Rg2 b5 49. Rf3 d5 50.
Rfxg3 d4+ 51. Kb2 Rh1 52. c4 dxc3+ 53. Kxc3 Rc1+ 54. Kd2 Rb1 55. Rg6 Kd6 56.
R6g4 Rb2+ 57. Kc3 Rb1 58. Rg1 {Black resigns} 1-0

[Event "GambitGuide"]
[Site "Internet Chess Club"]
[Date "2014.10.30"]
[Round "1"]
[White "JSBach"]
[Black "kingsac"]
[Result "1-0"]
[ICCResult "Black resigns"]
[WhiteElo "1668"]
[BlackElo "1964"]
[Opening "Vienna: `Frankenstein-Dracula' variation"]
[ECO "C27"]
[NIC "VG.02"]
[Time "23:23:01"]
[TimeControl "120+12"]

1. e4 e5 2. Nc3 Nf6 3. Bc4 Nxe4 4. Qh5 Nd6 5. Bb3 Nc6 6. Nb5 g6 7. Qf3 f5 8.
Qd5 Qe7 9. Nxc7+ Kd8 10. Nxa8 b6 11. Ba4 Bb7 12. Nxb6 axb6 13. Qb3 Kc7 14.
Ne2 Nc8 15. Bb5 Bg7 16. O-O Rf8 17. Re1 Qb4 18. c3 Qxb3 19. axb3 Nd6 20. Bd3
e4 21. Bb1 Nf7 22. d3 exd3 23. Bxd3 Nfe5 24. Bf4 d6 25. Bb5 Na7 26. Rxa7
{Black resigns}
1-0

[Event "GambitGuide"]
[Site "Internet Chess Club"]
[Date "2014.10.30"]
[Round "1"]
[White "JSBach"]
[Black "Propugnator"]
[Result "1-0"]
[ICCResult "Black checkmated"]
[WhiteElo "1668"]
[BlackElo "1795"]
[Opening "Vienna: `Frankenstein-Dracula' variation"]
[ECO "C27"]
[NIC "VG.02"]
[Time "23:23:20"]
[TimeControl "120+12"]

1. e4 e5 2. Nc3 Nf6 3. Bc4 Nxe4 4. Qh5 Nd6 5. Bb3 Nc6 6. Nb5 g6 7. Qf3 f5 8.
Qd5 Qe7 9. Nxc7+ Kd8 10. Nxa8 b6 11. Ba4 Bb7 12. Nxb6 axb6 13. Qb3 b5 14.
Nf3 bxa4 15. Qxa4 e4 16. Nd4 Bg7 17. Nb5 Ne5 18. Qa7 Bc6 19. Qc7+ Ke8 20.
Nxd6+ Kf8 21. Qb8+ Qe8 22. Qxe8# {Black checkmated} 1-0

[Event "GambitGuide"]
[Site "Internet Chess Club"]
[Date "2014.10.30"]
[Round "1"]
[White "JSBach"]
[Black "kingsac"]
[Result "1-0"]
[ICCResult "Black resigns"]
[WhiteElo "1668"]
[BlackElo "1964"]
[Opening "Vienna: `Frankenstein-Dracula' variation"]
[ECO "C27"]
[NIC "VG.02"]
[Time "23:23:55"]
[TimeControl "120+12"]

1. e4 e5 2. Nc3 Nf6 3. Bc4 Nxe4 4. Qh5 Nd6 5. Bb3 Nc6 6. Nb5 g6 7. Qf3 f5 8.
Qd5 Qe7 9. Nxc7+ Kd8 10. Nxa8 b6 11. Ba4 Ba6 12. Bxc6 dxc6 13. Qb3 Nc8 14.
Nf3 Bb7 15. Qe3 Bg7 16. d4 exd4 17. Qxe7+ Nxe7 18. Ng5 Ke8 19. Nc7+ Kd7 20.
Nce6 Bf6 21. Ke2 h6 22. Nf7 Rh7 23. Nf8+ {Black resigns} 1-0

[Event "GambitGuide"]
[Site "Internet Chess Club"]
[Date "2014.10.30"]
[Round "1"]
[White "JSBach"]
[Black "kingsac"]
[Result "1-0"]
[ICCResult "Black resigns"]
[WhiteElo "1668"]
[BlackElo "1964"]
[Opening "Vienna: `Frankenstein-Dracula' variation"]
[ECO "C27"]
[NIC "VG.02"]
[Time "23:24:44"]
[TimeControl "120+12"]

1. e4 e5 2. Nc3 Nf6 3. Bc4 Nxe4 4. Qh5 Nd6 5. Bb3 Nc6 6. Nb5 g6 7. Qf3 f5 8.
Qd5 Qe7 9. Nxc7+ Kd8 10. Nxa8 b6 11. Ba4 Ba6 12. Bxc6 dxc6 13. Qb3 Qb7 14.
Qe6 Nf7 15. Nf3 Bg7 16. d3 Re8 17. Qb3 h6 18. Nh4 Nh8 19. Qa4 Bb5 20. Qb4
Qe7 21. Qxe7+ Kxe7 22. Nc7 {Black resigns} 1-0

[Event "GambitGuide"]
[Site "Internet Chess Club"]
[Date "2014.10.30"]
[Round "1"]
[White "JSBach"]
[Black "Propugnator"]
[Result "1-0"]
[ICCResult "Black resigns"]
[WhiteElo "1668"]
[BlackElo "1795"]
[Opening "Vienna: `Frankenstein-Dracula' variation"]
[ECO "C27"]
[NIC "VG.02"]
[Time "23:24:34"]
[TimeControl "120+12"]

1. e4 e5 2. Nc3 Nf6 3. Bc4 Nxe4 4. Qh5 Nd6 5. Bb3 Nc6 6. Nb5 g6 7. Qf3 f5 8.
Qd5 Qe7 9. Nxc7+ Kd8 10. Nxa8 b6 11. Ba4 Bb7 12. Nxb6 axb6 13. Qb3 b5 14.
Nf3 bxa4 15. Qxa4 Bg7 16. O-O e4 17. Ne1 Ke8 18. f3 exf3 19. Nxf3 Kf7 20.
Re1 Qd8 21. d4 Qa5 22. Qb3+ Kf8 23. Bf4 Ne4 24. Qxb7 {Black resigns} 1-0

[Event "GambitGuide"]
[Site "Internet Chess Club"]
[Date "2014.10.30"]
[Round "1"]
[White "JSBach"]
[Black "endersgame"]
[Result "1-0"]
[ICCResult "Black resigns"]
[WhiteElo "1668"]
[BlackElo "1687"]
[Opening "Vienna: `Frankenstein-Dracula' variation"]
[ECO "C27"]
[NIC "VG.02"]
[Time "23:19:43"]
[TimeControl "120+12"]

1. e4 e5 2. Nc3 Nf6 3. Bc4 Nxe4 4. Qh5 Nd6 5. Bb3 Nc6 6. Nb5 g6 7. Qf3 f5 8.
Qd5 Qe7 9. Nxc7+ Kd8 10. Nxa8 b6 11. Ba4 Bb7 12. Nxb6 axb6 13. Qb3 b5 14.
Nf3 e4 15. Ng1 bxa4 16. Qxa4 Qg5 17. Kf1 Qh5 18. c4 Nxc4 19. g4 Qxg4 20. h3
Qh5 21. Qxc4 Qd1+ 22. Kg2 Ne5 23. Qb5 Nd3 24. Qxb7 Ne1+ 25. Kg3 Bd6+ 26. f4
exf3+ 27. Kf2 Nd3+ 28. Ke3 Re8+ 29. Kxd3 Qe2+ 30. Nxe2 {Black resigns} 1-0

[Event "GambitGuide"]
[Site "Internet Chess Club"]
[Date "2014.10.30"]
[Round "1"]
[White "JSBach"]
[Black "superpuma"]
[Result "0-1"]
[ICCResult "White checkmated"]
[WhiteElo "1668"]
[BlackElo "2046"]
[Opening "Vienna: `Frankenstein-Dracula' variation"]
[ECO "C27"]
[NIC "VG.02"]
[Time "23:22:50"]
[TimeControl "120+12"]

1. e4 e5 2. Nc3 Nf6 3. Bc4 Nxe4 4. Qh5 Nd6 5. Bb3 Nc6 6. Nb5 g6 7. Qf3 f5 8.
Qd5 Qe7 9. Nxc7+ Kd8 10. Nxa8 b6 11. Ba4 Bb7 12. Nxb6 axb6 13. Qb3 Kc7 14.
Ne2 Bg7 15. O-O Ne4 16. Re1 Nc5 17. Qb5 Ba6 18. Nf4 Qd6 19. Nd5+ Qxd5 20.
Bb3 Qd4 21. c3 Qg4 22. h3 Qh5 23. g4 Qxh3 24. Re3 Qxe3 25. Qxc6+ dxc6 26.
dxe3 fxg4 27. Bd1 h5 28. b4 Nd7 29. Bc2 Bc4 30. Bxg6 e4 31. Bd2 Nf6 32. a3
b5 33. Bf5 Bd5 34. a4 Ra8 35. a5 Nd7 36. Rd1 Ne5 37. Kf1 Rf8 38. Bh7 Nf3 39.
Kg2 Nxd2 40. Rxd2 Bxc3 41. Rd1 Bxb4 42. Rh1 Rh8 43. Rxh5 Bxa5 44. Rh1 Bc3
45. Kg3 Bg8 46. Bxe4 Rxh1 47. Bxh1 Be6 48. Kf4 b4 49. Bg2 b3 50. Be4 Bf6 51.
Bb1 c5 52. e4 Bd4 53. Kg3 c4 54. f3 gxf3 55. Kxf3 c3 56. Ke2 c2 57. Bxc2
bxc2 58. Kd2 Bb3 59. e5 Bb2 60. Kd3 c1=Q 61. e6 Bxe6 62. Ke4 Qe1+ 63. Kf3
Bd5+ 64. Kf4 Qe5+ 65. Kg4 Be6+ 66. Kf3 Qf5+ 67. Ke3 Bc1+ 68. Ke2 Qe4+ 69.
Kf2 Be3+ 70. Ke1 Bd4+ 71. Kd2 Qe3+ 72. Kc2 Bf5+ 73. Kd1 Qd3+ 74. Ke1 Bc3+
75. Kf2 Bd4+ 76. Ke1 Qc3+ 77. Ke2 Bg4+ 78. Kf1 Qf3+ 79. Ke1 Bc3#
{White checkmated}
0-1

[Event "GambitGuide"]
[Site "Internet Chess Club"]
[Date "2014.10.30"]
[Round "1"]
[White "JSBach"]
[Black "kingsac"]
[Result "1-0"]
[ICCResult "Black resigns"]
[WhiteElo "1668"]
[BlackElo "1964"]
[Opening "Vienna: `Frankenstein-Dracula' variation"]
[ECO "C27"]
[NIC "VG.02"]
[Time "23:25:16"]
[TimeControl "120+12"]

1. e4 e5 2. Nc3 Nf6 3. Bc4 Nxe4 4. Qh5 Nd6 5. Bb3 Nc6 6. Nb5 g6 7. Qf3 f5 8.
Qd5 Qe7 9. Nxc7+ Kd8 10. Nxa8 b6 11. Ba4 Ba6 12. Bxc6 dxc6 13. Qb3 Qb7 14.
Qe6 Nf7 15. b3 Bg7 16. f4 Re8 17. Nc7 Qxc7 18. Qxe8+ Kxe8 19. Bb2 Kf8 20.
Nf3 exf4 21. Bxg7+ Kxg7 22. Kd1 g5 23. d4 g4 24. Nd2 Qd6 25. c3 c5 26. dxc5
Qxc5 27. Kc2 Qd5 28. Rhg1 Qd3+ 29. Kd1 Ne5 30. c4 b5 31. cxb5 Bxb5 32. Re1
Qd4 33. Rc1 Nd3 34. Rc7+ Kf6 35. Re2 Nb2+ 36. Ke1 Bxe2 37. Rxh7 Bb5 38. Rh6+
Kg5 39. Re6 Nd3+ 40. Kd1 Nf2+ 41. Ke1 Ne4 42. h4+ gxh3 43. Nf3+ Kg4 44. Nxd4
hxg2 45. Rg6+ Kh3 46. Nxb5 Ng3 47. Rh6+ Kg4 48. Kf2 f3 49. Rg6+ Kf4 50. Rxg3
g1=Q+ 51. Rxg1 Ke4 52. Re1+ Kd3 53. Nxa7 Kc2 54. b4 Kb2 55. b5 Kxa2 56. b6
Kb3 57. b7 Kc4 58. Re7 Kd5 59. b8=Q f4 60. Qe5+ {Black resigns} 1-0

[Event "GambitGuide"]
[Site "Internet Chess Club"]
[Date "2014.10.30"]
[Round "1"]
[White "JSBach"]
[Black "Propugnator"]
[Result "1-0"]
[ICCResult "Black resigns"]
[WhiteElo "1668"]
[BlackElo "1795"]
[Opening "Vienna: `Frankenstein-Dracula' variation"]
[ECO "C27"]
[NIC "VG.02"]
[Time "23:25:35"]
[TimeControl "120+12"]

1. e4 e5 2. Nc3 Nf6 3. Bc4 Nxe4 4. Qh5 Nd6 5. Bb3 Nc6 6. Nb5 g6 7. Qf3 f5 8.
Qd5 Qe7 9. Nxc7+ Kd8 10. Nxa8 b6 11. Ba4 Bb7 12. Nxb6 axb6 13. Qb3 b5 14.
Nf3 bxa4 15. Qxa4 Bg7 16. d3 Kc7 17. Bg5 Qe6 18. c4 Ra8 19. Qb3 Nd4 20. Nxd4
exd4+ 21. Kf1 h6 22. Re1 Ne4 23. Bf4+ Be5 24. Bxe5+ Qxe5 25. dxe4 fxe4 26.
a3 d3 27. Qxd3 exd3 28. Rxe5 d2 29. Ke2 d6 30. Re7+ {Black resigns} 1-0

[Event "GambitGuide"]
[Site "Internet Chess Club"]
[Date "2014.10.30"]
[Round "1"]
[White "JSBach"]
[Black "SPARNALIQ"]
[Result "0-1"]
[ICCResult "White checkmated"]
[WhiteElo "1668"]
[BlackElo "2805"]
[Opening "Vienna: `Frankenstein-Dracula' variation"]
[ECO "C27"]
[NIC "VG.02"]
[Time "23:25:05"]
[TimeControl "120+12"]

1. e4 e5 2. Nc3 Nf6 3. Bc4 Nxe4 4. Qh5 Nd6 5. Bb3 Nc6 6. Nb5 g6 7. Qf3 f5 8.
Qd5 Qe7 9. Nxc7+ Kd8 10. Nxa8 b6 11. Ba4 Bb7 12. Nxb6 axb6 13. Qb3 Kc7 14.
Ne2 Qg5 15. Qg3 Qf6 16. Nc3 Nd4 17. O-O Bh6 18. Re1 f4 19. Qh3 g5 20. Qxd7+
Kb8 21. Bb3 Rd8 22. Qxh7 g4 23. Nd5 Bxd5 24. Bxd5 f3 25. Qd3 e4 26. Bxe4
Nxe4 27. Qxe4 Qh4 28. g3 Qh3 29. Qe5+ Kb7 30. Qe7+ Ka6 31. Qa3+ Kb5 32. Qd3+
Kc5 33. Qc3+ Kd5 34. Re5+ Kxe5 35. Qc7+ Kf6 36. Qxd8+ Kg6 37. Qxb6+ Kh5 38.
Qxh6+ Kxh6 39. d3+ Kh5 40. c4 Ne2+ 41. Kh1 Kg6 42. b4 Kf5 43. a4 Ke6 44. a5
Kf5 45. b5 Kg6 46. c5 Kf5 47. Be3 Ke6 48. Rg1 Kd5 49. d4 Ke4 50. Bf4 Kd3 51.
d5 Kc2 52. Be5 Kb3 53. Bd6 Ka2 54. Be5 Kb3 55. Bd6 Kc4 56. Be5 Kxd5 57. Bd6
Kc4 58. Be5 Kxb5 59. c6 Kxc6 60. Bf4 Kb5 61. Rb1+ Ka6 62. Rg1 Kxa5 63. Bc7+
Kb5 64. Be5 Kc6 65. Bf6 Kd5 66. Be7 Ke6 67. Bc5 Kf7 68. Bd6 Kg6 69. Be5 Kh5
70. Bd6 Kg6 71. Be5 Qh7 72. Rb1 Qf7 73. Rb5 Qh7 74. Rc5 Qh3 75. Rc6+ Kf5 76.
Rf6+ Kxe5 77. Re6+ Kd4 78. Re4+ Kd3 79. Re3+ Kd2 80. Rd3+ Ke1 81. Rd1+ Kxf2
82. Rg1 Qf1 83. Rxf1+ Kxf1 84. h4 Nxg3+ 85. Kh2 Nf5 86. h5 g3+ 87. Kh3 g2
88. Kg4 g1=Q+ 89. Kf4 f2 90. Kxf5 Ke2 91. Ke5 f1=Q 92. Ke6 Qg5 93. Kd6 Qff6+
94. Kd7 Qxh5 95. Kc8 Qh7 96. Kb8 Qfg7 97. Kc8 Kf3 98. Kd8 Kg4 99. Ke8 Kh5
100. Kd8 Kh6 101. Kc8 Qf7 102. Kd8 Qhg7 103. Kc8 Kh7 104. Kd8 Kg8 105. Kc8
Qh8 106. Kb8 Qfg7 107. Kc8 Kh7# {White checkmated} 0-1

[Event "GambitGuide"]
[Site "Internet Chess Club"]
[Date "2014.10.30"]
[Round "1"]
[White "JSBach"]
[Black "DonaldBumsfeld"]
[Result "1-0"]
[ICCResult "Black resigns"]
[WhiteElo "1668"]
[BlackElo "1687"]
[Opening "Vienna: `Frankenstein-Dracula' variation"]
[ECO "C27"]
[NIC "VG.02"]
[Time "23:28:12"]
[TimeControl "120+12"]

1. e4 e5 2. Nc3 Nf6 3. Bc4 Nxe4 4. Qh5 Nd6 5. Bb3 Nc6 6. Nb5 g6 7. Qf3 f5 8.
Qd5 Qe7 9. Nxc7+ Kd8 10. Nxa8 b6 11. Ba4 Bb7 12. Nxb6 axb6 13. Qb3 Kc7 14.
Ne2 Bg7 15. O-O h5 16. Re1 h4 17. Nf4 Qf6 18. Nd5+ {Black resigns} 1-0

[Event "GambitGuide"]
[Site "Internet Chess Club"]
[Date "2014.10.30"]
[Round "1"]
[White "JSBach"]
[Black "Propugnator"]
[Result "1-0"]
[ICCResult "Black resigns"]
[WhiteElo "1668"]
[BlackElo "1795"]
[Opening "Vienna: `Frankenstein-Dracula' variation"]
[ECO "C27"]
[NIC "VG.02"]
[Time "23:27:53"]
[TimeControl "120+12"]

1. e4 e5 2. Nc3 Nf6 3. Bc4 Nxe4 4. Qh5 Nd6 5. Bb3 Nc6 6. Nb5 g6 7. Qf3 f5 8.
Qd5 Qe7 9. Nxc7+ Kd8 10. Nxa8 b6 11. Ba4 Bb7 12. Nxb6 axb6 13. Qb3 b5 14.
Nf3 bxa4 15. Qxa4 Bg7 16. d3 Kc7 17. Bg5 Qe6 18. c4 Ra8 19. Qb3 Nd4 20. Nxd4
exd4+ 21. Kf1 Bf6 22. Re1 Qf7 23. Bf4 Be7 24. c5 Qxb3 25. axb3 Kc6 26. Rxe7
{Black resigns}
1-0

[Event "GambitGuide"]
[Site "Internet Chess Club"]
[Date "2014.10.30"]
[Round "1"]
[White "JSBach"]
[Black "superpuma"]
[Result "1-0"]
[ICCResult "Black resigns"]
[WhiteElo "1668"]
[BlackElo "2046"]
[Opening "Vienna: `Frankenstein-Dracula' variation"]
[ECO "C27"]
[NIC "VG.02"]
[Time "23:28:06"]
[TimeControl "120+12"]

1. e4 e5 2. Nc3 Nf6 3. Bc4 Nxe4 4. Qh5 Nd6 5. Bb3 Nc6 6. Nb5 g6 7. Qf3 f5 8.
Qd5 Qe7 9. Nxc7+ Kd8 10. Nxa8 b6 11. Ba4 Bb7 12. Nxb6 axb6 13. Qb3 Kc7 14.
Ne2 Ne4 15. Qb5 Nc5 16. O-O Ba6 17. Nc3 Qd6 18. Qxa6 Nxa6 19. Nb5+ Kb7 20.
Nxd6+ Bxd6 21. Bb3 e4 22. a3 Be5 23. Bc4 Nc5 24. f3 Nd4 25. fxe4 Nxc2 26.
Bd5+ Kc7 27. Rb1 fxe4 28. b4 Bd4+ 29. Kh1 Nd3 30. Bxe4 Nxc1 31. Rbxc1
{Black resigns}
1-0

[Event "GambitGuide"]
[Site "Internet Chess Club"]
[Date "2014.10.30"]
[Round "1"]
[White "JSBach"]
[Black "superpuma"]
[Result "1-0"]
[ICCResult "Black resigns"]
[WhiteElo "1668"]
[BlackElo "2046"]
[Opening "Vienna: `Frankenstein-Dracula' variation"]
[ECO "C27"]
[NIC "VG.02"]
[Time "23:29:58"]
[TimeControl "120+12"]

1. e4 e5 2. Nc3 Nf6 3. Bc4 Nxe4 4. Qh5 Nd6 5. Bb3 Nc6 6. Nb5 g6 7. Qf3 f5 8.
Qd5 Qe7 9. Nxc7+ Kd8 10. Nxa8 b6 11. Ba4 Bb7 12. Nxb6 axb6 13. Qb3 Kc7 14.
Ne2 Ne4 15. Qb5 Nc5 16. O-O Ba6 17. Nc3 Qf7 18. Bb3 Qg7 19. Nd5+ {Black
resigns} 1-0

[Event "GambitGuide"]
[Site "Internet Chess Club"]
[Date "2014.10.30"]
[Round "1"]
[White "JSBach"]
[Black "pasha"]
[Result "1-0"]
[ICCResult "Black resigns"]
[WhiteElo "1668"]
[BlackElo "2104"]
[Opening "Vienna: `Frankenstein-Dracula' variation"]
[ECO "C27"]
[NIC "VG.02"]
[Time "23:28:43"]
[TimeControl "120+12"]

1. e4 e5 2. Nc3 Nf6 3. Bc4 Nxe4 4. Qh5 Nd6 5. Bb3 Nc6 6. Nb5 g6 7. Qf3 f5 8.
Qd5 Qe7 9. Nxc7+ Kd8 10. Nxa8 b6 11. Ba4 Bb7 12. Nxb6 axb6 13. Qb3 Kc7 14.
Ne2 Qg5 15. Qg3 Qf6 16. Qd3 Bg7 17. c3 h5 18. O-O h4 19. Re1 h3 20. g3 Nf7
21. Qd5 Ng5 22. d4 Nb8 23. Qc4+ Kd8 24. Bxg5 Qxg5 25. Qb5 Nc6 26. Qxb6+ Kc8
27. dxe5 Nxe5 28. Qc5+ Nc6 29. Rad1 Re8 30. Nd4 Rxe1+ 31. Rxe1 Bxd4 32. Re8+
Kc7 33. cxd4 Qd2 34. d5 Qd1+ 35. Bxd1 {Black resigns} 1-0

[Event "GambitGuide"]
[Site "Internet Chess Club"]
[Date "2014.10.30"]
[Round "1"]
[White "JSBach"]
[Black "DonaldBumsfeld"]
[Result "1-0"]
[ICCResult "Black resigns"]
[WhiteElo "1668"]
[BlackElo "1687"]
[Opening "Vienna: `Frankenstein-Dracula' variation"]
[ECO "C27"]
[NIC "VG.02"]
[Time "23:29:48"]
[TimeControl "120+12"]

1. e4 e5 2. Nc3 Nf6 3. Bc4 Nxe4 4. Qh5 Nd6 5. Bb3 Nc6 6. Nb5 g6 7. Qf3 f5 8.
Qd5 Qe7 9. Nxc7+ Kd8 10. Nxa8 b6 11. Ba4 Bg7 12. Bxc6 dxc6 13. Qb3 Be6 14.
Qa4 Qb7 15. Qb4 Kd7 16. Nxb6+ axb6 17. Nf3 Ra8 18. Qh4 h5 19. Qg3 Bf7 20.
O-O Ra4 21. Nxe5+ Bxe5 22. Qxe5 Re4 23. Qf6 Qa6 24. f3 Re6 25. Qg5 Qc4 26.
c3 Qd3 27. a3 Nc4 28. b3 Nxd2 29. Bxd2 Qxd2 30. Qxd2+ Rd6 31. Qb2
{Black resigns}
1-0

[Event "GambitGuide"]
[Site "Internet Chess Club"]
[Date "2014.10.30"]
[Round "1"]
[White "JSBach"]
[Black "Propugnator"]
[Result "1-0"]
[ICCResult "Black resigns"]
[WhiteElo "1668"]
[BlackElo "1795"]
[Opening "Vienna: `Frankenstein-Dracula' variation"]
[ECO "C27"]
[NIC "VG.02"]
[Time "23:29:06"]
[TimeControl "120+12"]

1. e4 e5 2. Nc3 Nf6 3. Bc4 Nxe4 4. Qh5 Nd6 5. Bb3 Nc6 6. Nb5 g6 7. Qf3 f5 8.
Qd5 Qe7 9. Nxc7+ Kd8 10. Nxa8 b6 11. Ba4 Bb7 12. Nxb6 axb6 13. Qb3 b5 14.
Nf3 bxa4 15. Qxa4 Bg7 16. O-O e4 17. Ne1 Qe5 18. Rb1 Qb5 19. Qxb5 Nxb5 20.
a4 Nd6 21. b4 Kc7 22. Bb2 Bxb2 23. Rxb2 Ne5 24. d3 exd3 25. cxd3 Ra8 26. f4
Ng4 27. Rc2+ Kd8 28. Ra2 Bc6 29. a5 Bb5 30. Rf3 Kc7 31. Rc2+ Kd8 32. h3 Nf6
33. Re2 Nd5 34. Nc2 Ba4 35. Re5 Nxf4 36. Rxf4 Bxc2 37. Rd4 Nf7 38. Red5 Ba4
39. Rc5 d6 40. Rdd5 Ke7 41. Rc3 Bc6 42. Rxc6 Ke6 43. Rd4 Ke5 44. Rdc4
{Black resigns}
1-0

[Event "GambitGuide"]
[Site "Internet Chess Club"]
[Date "2014.10.30"]
[Round "1"]
[White "JSBach"]
[Black "DonaldBumsfeld"]
[Result "1-0"]
[ICCResult "Black checkmated"]
[WhiteElo "1664"]
[BlackElo "1687"]
[Opening "Vienna: `Frankenstein-Dracula' variation"]
[ECO "C27"]
[NIC "VG.02"]
[Time "23:31:25"]
[TimeControl "120+12"]

1. e4 e5 2. Nc3 Nf6 3. Bc4 Nxe4 4. Qh5 Nd6 5. Bb3 Nc6 6. Nb5 g6 7. Qf3 f5 8.
Qd5 Qe7 9. Nxc7+ Kd8 10. Nxa8 b6 11. Ba4 Bg7 12. Bxc6 dxc6 13. Qb3 Qb7 14.
Qb4 Nb5 15. a4 Nd4 16. Qd6+ Qd7 17. Qxd7+ Bxd7 18. Kd1 Kc8 19. Ne2 Nxe2 20.
Kxe2 Kb7 21. Nxb6 axb6 22. a5 b5 23. Rd1 Be6 24. d3 Bd5 25. a6+ Ka7 26. Be3+
Ka8 27. f3 Rb8 28. Bc5 Bf8 29. Bxf8 Rxf8 30. g3 Rb8 31. h4 Rb6 32. b3 Ka7
33. c4 Be6 34. cxb5 cxb5 35. Rdc1 Bxb3 36. Rc7+ Kb8 37. a7+ Ka8 38. Rc8+ Kb7
39. a8=Q# {Black checkmated} 1-0

[Event "GambitGuide"]
[Site "Internet Chess Club"]
[Date "2014.10.30"]
[Round "1"]
[White "JSBach"]
[Black "Propugnator"]
[Result "1-0"]
[ICCResult "Black resigns"]
[WhiteElo "1664"]
[BlackElo "1795"]
[Opening "Vienna: `Frankenstein-Dracula' variation"]
[ECO "C27"]
[NIC "VG.02"]
[Time "23:31:23"]
[TimeControl "120+12"]

1. e4 e5 2. Nc3 Nf6 3. Bc4 Nxe4 4. Qh5 Nd6 5. Bb3 Nc6 6. Nb5 g6 7. Qf3 f5 8.
Qd5 Qe7 9. Nxc7+ Kd8 10. Nxa8 b6 11. Ba4 Bb7 12. Nxb6 axb6 13. Qb3 b5 14.
Ne2 bxa4 15. Qxa4 Bg7 16. b4 Re8 17. Bb2 Nc4 18. Bc3 Nb6 19. Qb5 Kc7 20. O-O
Nb8 21. Rae1 Bc6 22. Qa5 Qd6 23. f4 Qd5 24. Qa7+ Kc8 25. Rf2 Nc4 26. fxe5
Bxe5 27. Nf4 Qb5 28. d4 Kd8 29. dxe5 g5 30. Nd3 Bb7 31. Qxb8+ {Black
resigns} 1-0

[Event "GambitGuide"]
[Site "Internet Chess Club"]
[Date "2014.10.30"]
[Round "1"]
[White "JSBach"]
[Black "SPARNALIQ"]
[Result "1-0"]
[ICCResult "Black checkmated"]
[WhiteElo "1664"]
[BlackElo "2805"]
[Opening "Vienna: `Frankenstein-Dracula' variation"]
[ECO "C27"]
[NIC "VG.02"]
[Time "23:32:18"]
[TimeControl "120+12"]

1. e4 e5 2. Nc3 Nf6 3. Bc4 Nxe4 4. Qh5 Nd6 5. Bb3 Nc6 6. Nb5 g6 7. Qf3 f5 8.
Qd5 Qe7 9. Nxc7+ Kd8 10. Nxa8 b6 11. Ba4 Bb7 12. Nxb6 axb6 13. Qb3 b5 14.
Nf3 bxa4 15. Qxa4 e4 16. Nd4 Bg7 17. Nxc6+ Bxc6 18. Qa7 Qe5 19. O-O Ke7 20.
Re1 f4 21. d3 Qg5 22. dxe4 Be5 23. f3 Nb5 24. Qc5+ Kf7 25. c3 h5 26. a4 Nd6
27. Rd1 Qe7 28. Bd2 g5 29. b4 g4 30. b5 Ba8 31. Qb4 gxf3 32. Qb3+ Kf6 33.
gxf3 Rg8+ 34. Qxg8 Nf7 35. Qxa8 Kg5 36. Qg8+ Kh4 37. Be1+ Kh3 38. Qg2#
{Black checkmated}
1-0

[Event "GambitGuide"]
[Site "Internet Chess Club"]
[Date "2014.10.30"]
[Round "1"]
[White "JSBach"]
[Black "Propugnator"]
[Result "1-0"]
[ICCResult "Black resigns"]
[WhiteElo "1664"]
[BlackElo "1795"]
[Opening "Vienna: `Frankenstein-Dracula' variation"]
[ECO "C27"]
[NIC "VG.02"]
[Time "23:33:05"]
[TimeControl "120+12"]

1. e4 e5 2. Nc3 Nf6 3. Bc4 Nxe4 4. Qh5 Nd6 5. Bb3 Nc6 6. Nb5 g6 7. Qf3 f5 8.
Qd5 Qe7 9. Nxc7+ Kd8 10. Nxa8 b6 11. Ba4 Bb7 12. Nxb6 axb6 13. Qb3 b5 14.
Nf3 bxa4 15. Qxa4 Kc7 16. O-O Bh6 17. Re1 e4 18. d4 Qd8 19. Bxh6 {Black
resigns} 1-0

[Event "GambitGuide"]
[Site "Internet Chess Club"]
[Date "2014.10.30"]
[Round "1"]
[White "JSBach"]
[Black "superpuma"]
[Result "1-0"]
[ICCResult "Black resigns"]
[WhiteElo "1664"]
[BlackElo "2046"]
[Opening "Vienna: `Frankenstein-Dracula' variation"]
[ECO "C27"]
[NIC "VG.02"]
[Time "23:30:47"]
[TimeControl "120+12"]

1. e4 e5 2. Nc3 Nf6 3. Bc4 Nxe4 4. Qh5 Nd6 5. Bb3 Nc6 6. Nb5 g6 7. Qf3 f5 8.
Qd5 Qe7 9. Nxc7+ Kd8 10. Nxa8 b6 11. Ba4 Bb7 12. Nxb6 axb6 13. Qb3 Kc7 14.
Ne2 Ne4 15. Qb5 Nc5 16. O-O Ba6 17. Nc3 Bxb5 18. Nd5+ Kb7 19. Nxe7 Bxa4 20.
Nxc6 Bxc6 21. h4 Be7 22. b4 Na6 23. Bb2 Bxh4 24. Bxe5 Re8 25. Bd6 Bf6 26.
Rae1 Re6 27. Rxe6 dxe6 28. c3 Bd5 29. a4 Nc7 30. Bxc7 Kxc7 31. a5 bxa5 32.
bxa5 Kb7 33. Rc1 Ka6 34. c4 Bc6 35. Re1 Bd7 36. c5 Kxa5 37. Kf1 Kb5 38. Rc1
Bc6 39. Re1 Bd5 40. Rc1 Kc6 41. Ke2 Bd4 42. f3 Bxc5 43. d4 Kd6 44. dxc5+ Kc6
45. g3 h5 46. f4 Be4 47. Kf2 Kb5 48. Ke3 Bc6 49. Kd4 Bd5 50. Rb1+ Kc6 51.
Rb6+ Kc7 52. Rd6 Ba2 53. Kd3 Bd5 54. Kd4 Ba2 55. Rb6 Bd5 56. Rd6 Ba2 57. Ke3
Bd5 58. Kd4 Ba2 59. Ra6 Bd5 60. Ra7+ Kc6 61. Rg7 {Black resigns} 1-0